 Dungeon Crawl Stone Soup version 0.23.2 (webtiles) character file.

Game seed: 15610638210176038283

119 cklessthan3 the Slinger (level 5, -3/35 HPs)
             Began as a Halfling Hunter on Apr 4, 2019.
             Slain by a gnoll
             ... wielding a +0 spear
              (4 damage)
             ... on level 3 of the Dungeon.
             The game lasted 00:02:18 (1544 turns).

cklessthan3 the Slinger (Halfling Hunter)           Turns: 1544, Time: 00:02:18

Health: -3/35      AC:  6    Str: 14    XL:     5   Next: 24%
Magic:  5/5        EV: 12    Int:  9    God:
Gold:   94         SH:  0    Dex: 12    Spells: 4/4 levels left

rFire    . . .     SeeInvis .   a - +1 hunting sling
rCold    . . .     Gourm    .   (shield restricted)
rNeg     . . .     Faith    .   j - +0 scale mail
rPois    .         Spirit   .   (no helmet)
rElec    .         Reflect  .   (no cloak)
rCorr    .         Harm     .   (no gloves)
MR       .....                  (no boots)
Stlth    ..........             (no amulet)
HPRegen  0.11/turn              l - -3 ring of dexterity (curse)
MPRegen  0.09/turn              (no ring)

@: no status effects
A: small, mutation resistance 1
a: no special abilities


You were on level 3 of the Dungeon.
You were hungry.

You visited 1 branch of the dungeon, and saw 3 of its levels.

You collected 94 gold pieces.

Inventory:

Hand Weapons
 a - a +1 hunting sling (weapon)
 b - a +0 short sword
Missiles
 g - 65 stones (quivered)
Armour
 c - a +0 leather armour
 j - a +0 scale mail (worn)
Jewellery
 l - a cursed -3 ring of dexterity (left hand)
Scrolls
 e - 2 scrolls of identify {unknown}
 h - 2 scrolls of amnesia {unknown}
 i - a scroll of remove curse {unknown}
 m - a scroll of enchant armour {unknown}
 n - a scroll of teleportation {unknown}
Potions
 k - a potion of curing {unknown}
Comestibles
 f - 8 rations


   Skills:
 + Level 2.7 Fighting
 + Level 8.0 Slings
 + Level 2.2 Dodging
 + Level 1.8 Stealth


You had 4 spell levels left.
You didn't know any spells.
Your spell library was empty.

Dungeon Overview and Level Annotations

Branches:
Dungeon (3/15)

Altars:


Innate Abilities, Weirdness & Mutations

You are small and have problems with some larger weapons.
You are somewhat resistant to further mutation.


Message History

You shoot a stone. The stone barely misses the gnoll.
The gnoll hits you from afar with a +0 spear.
* * * LOW HITPOINT WARNING * * *
Firing (i - inventory)
g - 67 stones (quivered)
Press: ? - help, Shift-Dir - straight line, f/p - gnoll
Aim: a gnoll, wielding a +0 club (severely wounded)
You shoot a stone. The stone closely misses the gnoll.
The gnoll closely misses you. The gnoll hits you but does no damage.
The gnoll hits you from afar with a +0 spear.
* * * LOW HITPOINT WARNING * * *
Unknown command.
Firing (i - inventory)
g - 66 stones (quivered)
Press: ? - help, Shift-Dir - straight line, f/p - gnoll
Aim: a gnoll, wielding a +0 club (severely wounded)
You shoot a stone. The stone hits the gnoll.
You kill the gnoll!
Your Slings skill increases to level 8!
The gnoll hits you but does no damage.
The gnoll hits you from afar with a +0 spear.
You die...

########## #.......(#
#........# #........#
####........#
###..........)#######
#>+..........@(g.(.((
#.#..........g#######
#.###.........# #)#
#.........#
##.###.........#
#......#########
#..################
#..................
#.#......#.########


You could see 2 gnolls.

Vanquished Creatures
  An adder (D:2)
  6 gnolls
  A dart slug (D:1)
  5 bats
  6 giant cockroaches (D:2)
  9 goblins
  4 hobgoblins (D:1)
  2 jackals (D:2)
  5 kobolds
  2 quokkas
  2 ball pythons
  2 frilled lizards (D:1)
  3 rats
48 creatures vanquished.

Notes
Turn   | Place    | Note
-------+----------+-------------------------------------------
     0 | D:1      | cklessthan3 the Halfling Hunter began the quest for the
                  | Orb.
     0 | D:1      | Reached XP level 1. HP: 14/14 MP: 1/1
    26 | D:1      | Reached skill level 6 in Slings
    74 | D:1      | Reached XP level 2. HP: 19/19 MP: 2/2
   854 | D:1      | Reached XP level 3. HP: 24/24 MP: 3/3
   939 | D:2      | Reached skill level 7 in Slings
   947 | D:2      | Reached XP level 4. HP: 22/30 MP: 4/4
  1353 | D:2      | Reached XP level 5. HP: 35/35 MP: 5/5
  1543 | D:3      | HP: 1/35 [gnoll/+0 spear (4)]
  1544 | D:3      | Reached skill level 8 in Slings
  1544 | D:3      | Slain by a gnoll

Skill      XL: |  1  2  3  4  5 |
---------------+----------------+-----
Slings         | 6 7 8 |  8.0
Fighting       | 2 |  2.7
Dodging        | |  2.2
Stealth        | |  1.8

Action                   |  1- 3 |  4- 6 || total
-------------------------+-------+-------++-------
 Fire: Hunting sling     |    57 |    92 ||   149
  Eat: Chunk             |       |     1 ||     1
Armor: Leather armour    |     1 |       ||     1
       Scale mail        |     2 |    17 ||    19
Dodge: Dodged            |    17 |    15 ||    32
